3L
ECHO PARK LAKERS @ CHARLESTON BATTERY
08/17/2034
 
TOP OF THE 1ST
Echo Park Lakers batting - Pitching for Charleston Battery : RHP Kyuichi Hori
Pitching: RHP Kyuichi Hori
Batting: SHB Toby Sutton 0-0: Called Strike
0-1: Called Strike
0-2: Strikes out swinging
Batting: RHB Félix Romero 0-0: Called Strike
0-1: Foul Ball, location: 2F
0-2: Foul Ball, location: 2F
0-2: Foul Ball, location: 2F
0-2: Foul Ball, location: 2F
0-2: Strikes out swinging
Batting: RHB Gabriel Maldonado 0-0: Ball
1-0: Foul Ball, location: 2F
1-1: Ball
2-1: SINGLE (Line Drive, 4MD)
Batting: RHB Ronald Comejo 0-0: Foul Ball, location: 2F
0-1: Ball
1-1: Swinging Strike
1-2: Foul Ball, location: 2F
1-2: Ball
2-2: Foul Ball, location: 2F
2-2: Strikes out swinging
Top of the 1st over - 0 runs, 1 hit, 0 errors, 1 left on base; Echo Park 0 - Charleston 0
BOTTOM OF THE 1ST
Charleston Battery batting - Pitching for Echo Park Lakers : RHP Wop Baars
Pitching: RHP Wop Baars
Batting: LHB Joey Coco 0-0: Called Strike
0-1: SINGLE (Groundball, 56S) (infield hit)
Batting: LHB Datu Lesaca 0-0: Ball
1-0: Called Strike
1-1: Foul Ball, location: 2F
1-2: SINGLE (Flyball, 8RS)
Joey Coco to second
Batting: SHB Jasper Morrison 0-0: Called Strike
Joey Coco steals 3rd base
0-1: Ball
Datu Lesaca steals 2nd base
1-1: Ground out 6-3 (Groundball, 6M)
Joey Coco scores
Datu Lesaca to third
Batting: LHB Spencer Powell 0-0: Foul Ball, location: 2F
0-1: Ball
1-1: Called Strike
1-2: Ball
2-2: Strikes out swinging
Batting: SHB Tony Manzanares 0-0: Ball
1-0: Swinging Strike
1-1: Foul Ball, location: 2F
1-2: Foul Ball, location: 2F
1-2: Ball
2-2: Fly out, F8 (Flyball, 8RM)
Bottom of the 1st over - 1 run, 2 hits, 0 errors, 1 left on base; Echo Park 0 - Charleston 1
TOP OF THE 2ND
Echo Park Lakers batting - Pitching for Charleston Battery : RHP Kyuichi Hori
Batting: RHB Chris Harrell 0-0: Called Strike
0-1: Ball
1-1: Foul Ball, location: 2F
1-2: Strikes out swinging
Batting: RHB Xavier Pérez 0-0: Ball
1-0: Fly out, F2 (Popup, 23F)
Batting: RHB Orlando Montejo 0-0: Called Strike
0-1: Ball
1-1: Ground out 6-3 (Groundball, 6)
Top of the 2nd over - 0 runs, 0 hits, 0 errors, 0 left on base; Echo Park 0 - Charleston 1
BOTTOM OF THE 2ND
Charleston Battery batting - Pitching for Echo Park Lakers : RHP Wop Baars
Batting: LHB Vicente Gonzáles 0-0: Ball
1-0: Ball
2-0: Ball
3-0: Called Strike
3-1: Called Strike
3-2: SINGLE (Flyball, 7LS)
Batting: RHB Luis Ríos 0-0: Foul Ball, location: 2F
0-1: Ball
1-1: Called Strike
1-2: Strikes out looking
Batting: RHB Fernando Rivera 0-0: Called Strike
0-1: Swinging Strike
0-2: Strikes out swinging
Batting: RHB Jesús Ruano 0-0: SINGLE (Flyball, 9LS)
Vicente Gonzáles to second
Runner from 2nd tries for 3rd, SAFE, no throw
Batting: LHB Joey Coco 0-0: Ball
1-0: Foul Ball, location: 2F
1-1: Foul Ball, location: 2F
1-2: Ball
2-2: SINGLE (Line Drive, 34)
Vicente Gonzáles scores
Jesús Ruano to second
Batting: LHB Datu Lesaca 0-0: Called Strike
0-1: Called Strike
0-2: Ball
1-2: SINGLE (Groundball, 34D)
Jesús Ruano to third
Joey Coco to second
Runner from 3rd tries for Home, throw and OUT!
Bottom of the 2nd over - 1 run, 4 hits, 0 errors, 2 left on base; Echo Park 0 - Charleston 2
TOP OF THE 3RD
Echo Park Lakers batting - Pitching for Charleston Battery : RHP Kyuichi Hori
Batting: RHB Freddy Torres 0-0: Ball
1-0: Ball
2-0: Ground out 6-3 (Groundball, 6)
Batting: SHB Rodolphe Nairn 0-0: Swinging Strike
0-1: Ball
1-1: Foul Ball, location: 2F
1-2: Strikes out looking
Batting: SHB Toby Sutton 0-0: Ball
1-0: Ball
2-0: Called Strike
2-1: Called Strike
2-2: Foul Ball, location: 2F
2-2: Foul Ball, location: 2F
2-2: Fly out, F3 (Popup, 3SF)
Top of the 3rd over - 0 runs, 0 hits, 0 errors, 0 left on base; Echo Park 0 - Charleston 2
BOTTOM OF THE 3RD
Charleston Battery batting - Pitching for Echo Park Lakers : RHP Wop Baars
Batting: SHB Jasper Morrison 0-0: Ball
1-0: Called Strike
1-1: Ball
2-1: Swinging Strike
2-2: SINGLE (Line Drive, 7S)
Batting: LHB Spencer Powell 0-0: Called Strike
0-1: Ball
1-1: Ball
2-1: Grounds into double play, 6-4-3 (Groundball, 6M)
Batting: SHB Tony Manzanares 0-0: Swinging Strike
0-1: Ball
1-1: Ball
2-1: Ground out 5-3 (Groundball, 56D)
Bottom of the 3rd over - 0 runs, 1 hit, 0 errors, 0 left on base; Echo Park 0 - Charleston 2
TOP OF THE 4TH
Echo Park Lakers batting - Pitching for Charleston Battery : RHP Kyuichi Hori
Batting: RHB Félix Romero 0-0: Fly out, F9 (Flyball, 9S)
Batting: RHB Gabriel Maldonado 0-0: Ball
1-0: Called Strike
1-1: Ground out 6-3 (Groundball, 6)
Batting: RHB Ronald Comejo 0-0: Ball
1-0: Ball
2-0: SINGLE (Groundball, 5D)
Batting: RHB Chris Harrell 0-0: Called Strike
0-1: Foul Ball, location: 2F
0-2: Ball
1-2: Strikes out swinging
Top of the 4th over - 0 runs, 1 hit, 0 errors, 1 left on base; Echo Park 0 - Charleston 2
BOTTOM OF THE 4TH
Charleston Battery batting - Pitching for Echo Park Lakers : RHP Wop Baars
Batting: LHB Vicente Gonzáles 0-0: Ball
1-0: Ball
2-0: Fly out, F8 (Flyball, 89M)
Batting: RHB Luis Ríos 0-0: Foul Ball, location: 2F
0-1: Ball
1-1: Ball
2-1: Called Strike
2-2: Ball
3-2: Ground out 5-3 (Groundball, 56)
Batting: RHB Fernando Rivera 0-0: Ball
1-0: Ball
2-0: Called Strike
2-1: Foul Ball, location: 2F
2-2: Strikes out swinging
Bottom of the 4th over - 0 runs, 0 hits, 0 errors, 0 left on base; Echo Park 0 - Charleston 2
TOP OF THE 5TH
Echo Park Lakers batting - Pitching for Charleston Battery : RHP Kyuichi Hori
Batting: RHB Xavier Pérez 0-0: Ground out 6-3 (Groundball, 6M)
Batting: RHB Orlando Montejo 0-0: Called Strike
0-1: Foul Ball, location: 2F
0-2: Ball
1-2: Foul Ball, location: 2F
1-2: Ball
2-2: Fly out, F3 (Line Drive, 3)
Batting: RHB Freddy Torres 0-0: Called Strike
0-1: Ball
1-1: Foul Ball, location: 2F
1-2: Strikes out swinging
Top of the 5th over - 0 runs, 0 hits, 0 errors, 0 left on base; Echo Park 0 - Charleston 2
BOTTOM OF THE 5TH
Charleston Battery batting - Pitching for Echo Park Lakers : RHP Curt Orser
Pitching: RHP Curt Orser
Batting: RHB Jesús Ruano 0-0: Foul Ball, location: 2F
0-1: Ball
1-1: Called Strike
1-2: Strikes out looking
Batting: LHB Joey Coco 0-0: Ball
1-0: Foul Ball, location: 2F
1-1: Ball
2-1: Ball
3-1: Base on Balls
Batting: LHB Datu Lesaca 0-0: Ball
1-0: Ground out U3 (Groundball, 3)
Joey Coco to second
Batting: SHB Jasper Morrison 0-0: Ball
1-0: Ball
2-0: Ball
3-0: Base on Balls
Batting: LHB Spencer Powell 0-0: Ball
1-0: Ball
Passed Ball!
Joey Coco to third
Jasper Morrison to second
2-0: Called Strike
2-1: Ball
3-1: Base on Balls
Batting: SHB Tony Manzanares 0-0: Ball
1-0: Called Strike
1-1: Called Strike
1-2: SINGLE (Line Drive, 8LS)
Joey Coco scores
Jasper Morrison to third
Spencer Powell to second
Runner from 3rd tries for Home, SAFE, no throw
Batting: LHB Vicente Gonzáles 0-0: Fly out, F9 (Line Drive, 9)
Bottom of the 5th over - 2 runs, 1 hit, 0 errors, 2 left on base; Echo Park 0 - Charleston 4
TOP OF THE 6TH
Echo Park Lakers batting - Pitching for Charleston Battery : RHP Kyuichi Hori
Batting: SHB Rodolphe Nairn 0-0: Called Strike
0-1: Ball
1-1: Swinging Strike
1-2: Ball
2-2: Strikes out looking
Batting: SHB Toby Sutton 0-0: Called Strike
0-1: Ball
1-1: Ball
2-1: Foul Ball, location: 2F
2-2: Ball
3-2: Strikes out looking
Batting: RHB Félix Romero 0-0: Ball
1-0: Called Strike
1-1: SOLO HOME RUN (Flyball, 7D), Distance : 390 ft
Batting: RHB Gabriel Maldonado 0-0: Ball
1-0: Ground out 6-3 (Groundball, 6MD)
Top of the 6th over - 1 run, 1 hit, 0 errors, 0 left on base; Echo Park 1 - Charleston 4
BOTTOM OF THE 6TH
Charleston Battery batting - Pitching for Echo Park Lakers : RHP Curt Orser
Pitching: RHP Stef Dijkman
Batting: RHB Luis Ríos 0-0: Ball
1-0: Ball
2-0: Ground out 6-3 (Groundball, 6)
Batting: RHB Fernando Rivera 0-0: Ball
1-0: Called Strike
1-1: Foul Ball, location: 2F
1-2: Ball
2-2: Ground out 5-3 (Groundball, 56S)
Batting: RHB Jesús Ruano 0-0: Ball
1-0: Called Strike
1-1: Called Strike
1-2: Ball
2-2: Ball
3-2: Strikes out looking
Bottom of the 6th over - 0 runs, 0 hits, 0 errors, 0 left on base; Echo Park 1 - Charleston 4
TOP OF THE 7TH
Echo Park Lakers batting - Pitching for Charleston Battery : RHP Kyuichi Hori
Batting: RHB Ronald Comejo 0-0: SINGLE (Groundball, 15S) (infield hit)
Batting: RHB Chris Harrell 0-0: Grounds into double play, 4-6-3 (Groundball, 4)
Batting: RHB Xavier Pérez 0-0: Called Strike
0-1: Swinging Strike
0-2: Strikes out swinging
Top of the 7th over - 0 runs, 1 hit, 0 errors, 0 left on base; Echo Park 1 - Charleston 4
BOTTOM OF THE 7TH
Charleston Battery batting - Pitching for Echo Park Lakers : RHP Stef Dijkman
Batting: LHB Joey Coco 0-0: Ball
1-0: Swinging Strike
1-1: Ball
2-1: Foul Ball, location: 2F
2-2: Ball
3-2: Strikes out swinging
Batting: LHB Datu Lesaca 0-0: Ball
1-0: Foul Ball, location: 2F
1-1: SINGLE (Groundball, 34D)
Batting: SHB Jasper Morrison 0-0: Swinging Strike
0-1: Ball
1-1: Ball
2-1: Called Strike
2-2: Ball
3-2: Ground out 4-3 (Groundball, 4S)
Datu Lesaca to second
Batting: LHB Spencer Powell 0-0: Called Strike
0-1: DOUBLE (Line Drive, 89D)
Datu Lesaca scores
Batting: SHB Tony Manzanares 0-0: Foul Ball, location: 2F
0-1: Fly out, F9 (Flyball, 9LSF)
Bottom of the 7th over - 1 run, 2 hits, 0 errors, 1 left on base; Echo Park 1 - Charleston 5
TOP OF THE 8TH
Echo Park Lakers batting - Pitching for Charleston Battery : RHP Kyuichi Hori
Batting: RHB Orlando Montejo 0-0: Swinging Strike
0-1: Foul Ball, location: 2F
0-2: Ball
1-2: Ball
2-2: Strikes out swinging
Batting: RHB Freddy Torres 0-0: Ball
1-0: SINGLE (Groundball, 23) (infield hit)
Batting: SHB Rodolphe Nairn 0-0: Ball
1-0: Ball
2-0: Ball
3-0: Base on Balls
Freddy Torres to second
Batting: SHB Toby Sutton 0-0: Ball
1-0: Ball
2-0: Grounds out, U3 (Groundball, 3L)
Freddy Torres to third
Pitching: RHP Hiroaki Kouda
Batting: RHB Félix Romero 0-0: Ball
1-0: Swinging Strike
1-1: Swinging Strike
1-2: Ball
2-2: Strikes out swinging
Top of the 8th over - 0 runs, 1 hit, 0 errors, 2 left on base; Echo Park 1 - Charleston 5
BOTTOM OF THE 8TH
Charleston Battery batting - Pitching for Echo Park Lakers : RHP Stef Dijkman
Batting: LHB Vicente Gonzáles 0-0: Called Strike
0-1: Ball
1-1: Fly out, F9 (Flyball, 89S)
Batting: RHB Luis Ríos 0-0: SINGLE (Line Drive, 4M)
Batting: RHB Fernando Rivera 0-0: Ball
1-0: Ball
2-0: SINGLE (Line Drive, 8LS)
Luis Ríos to second
Batting: RHB Jesús Ruano 0-0: Foul Ball, location: 2F
0-1: Ball
1-1: Foul Ball, location: 2F
1-2: Foul Ball, location: 2F
1-2: Fly out, F8 (Flyball, 8RD)
Batting: LHB Joey Coco 0-0: Called Strike
0-1: Ball
1-1: Ball
2-1: Ground out 4-3 (Groundball, 4)
Bottom of the 8th over - 0 runs, 2 hits, 0 errors, 2 left on base; Echo Park 1 - Charleston 5
TOP OF THE 9TH
Echo Park Lakers batting - Pitching for Charleston Battery : RHP Hiroaki Kouda
Batting: RHB Gabriel Maldonado 0-0: Called Strike
0-1: Ball
1-1: Fly out, F8 (Flyball, 8LM)
Batting: RHB Ronald Comejo 0-0: Foul Ball, location: 2F
0-1: Foul Ball, location: 2F
0-2: Strikes out swinging
Batting: RHB Chris Harrell 0-0: Ball
1-0: Ball
2-0: Swinging Strike
2-1: Foul Ball, location: 2F
2-2: Strikes out swinging
Top of the 9th over - 0 runs, 0 hits, 0 errors, 0 left on base; Echo Park 1 - Charleston 5
Friday, March 29th, 2019 - OOTP Baseball 18.8 Build 76